 Dungeon Crawl Stone Soup version 0.30-a0-778-g2ef04afb54 (webtiles) character file.

Game seed: 11025001103775156627

2077 AndrolTheGreedy the Basher (level 9, -1/127 (144) HPs)
             Began as an Ogre Monk on Feb 16, 2023.
             Was a Believer of Makhleb.
             Slain by an orc warrior
             ... wielding a +4 glaive
              (13 damage)
             ... on level 6 of the Dungeon.
             The game lasted 00:25:51 (6742 turns).

AndrolTheGreedy the Basher (Ogre Monk)              Turns: 6742, Time: 00:25:52

HP:   -1/127 (144)  AC: 24    Str: 21    XL:     9   Next: 26%
MP:   12/12         EV:  1    Int: 11    God:    Makhleb [**....]
Gold: 103           SH:  0    Dex: 11    Spells: 5/8 levels left

rFire   . . .      SeeInvis .    n - +1 morningstar (drain)
rCold   . . .      Faith    .    (no shield)
rNeg    . . .      Spirit   .    (body armour currently unavailable)
rPois   +          Reflect  .    (helmet currently unavailable)
rElec   .          Harm     .    (cloak currently unavailable)
rCorr   .          Rampage  .    (gloves unavailable)
Will    .....      NoTele   +    (boots unavailable)
Stlth   ++                       u - amulet of the acrobat
HPRegen 0.41/turn                (no ring)
MPRegen 0.13/turn                (no ring)

@: tree-form (expiring), heavily drained
A: stationary, stasis, torment immunity, boosted hp, large, unfitting armour,
(tough skin 1)
a: Renounce Religion, Minor Destruction


You were on level 6 of the Dungeon.
You worshipped Makhleb.
Makhleb was pleased with you.
You were a tree.
You visited 1 branch of the dungeon, and saw 7 of its levels.

You collected 318 gold pieces.
You spent 215 gold pieces at shops.

Inventory:

Hand Weapons
 a - a +1 mace
 f - a +0 giant spiked club
 n - a +1 morningstar of draining (weapon)
 r - a +0 mace of protection
Missiles
 q - 57 stones
 s - 5 boomerangs (quivered)
Armour
 b - a +1 robe (melded)
 j - a scarf of harm
Magical Staves
 p - a staff of conjuration
Jewellery
 u - an amulet of the acrobat (around neck)
Wands
 g - a wand of flame (32)
Scrolls
 e - 2 scrolls of poison
 l - 2 scrolls of enchant weapon
 x - a scroll of silence
Potions
 d - 2 potions of degeneration
 h - 2 potions of resistance
 i - a potion of haste {unknown}
 m - 2 potions of lignification
 o - 2 potions of attraction
 t - 4 potions of curing
 z - a potion of mutation {unknown}
 A - a potion of flight {unknown}
 B - a potion of brilliance {unknown}


   Skills:
 - Level 8.0 Fighting
 + Level 8.7 Maces & Flails
 - Level 4.0 Dodging
 - Level 1.4 Stealth
 - Level 5.0 Invocations


You had 5 spell levels left.
You knew the following spells:

 Your Spells              Type           Power      Damage    Failure   Level
a - Beastly Appendage     Tmut           0%         N/A       34%         1
b - Wereblood             Tmut           0%         N/A       47%         2

Your spell library contained the following spells:

 Spells                   Type           Power      Damage    Failure   Level
 Slow                     Hex            0%         N/A       34%         1
 Call Canine Familiar     Summ           0%         N/A       71%         3
 Confusing Touch          Hex            0%         N/A       71%         3
 Ozocubu's Armour         Ice            0%         N/A       71%         3
 Portal Projectile        Hex/Tloc       0%         N/A       71%         3
 Spider Form              Tmut/Pois      0%         N/A       71%         3
 Vampiric Draining        Necr           0%         2d6       71%         3
 Leda's Liquefaction      Hex/Erth       0%         N/A       98%         4
 Metabolic Englaciation   Hex/Ice        0%         N/A       100%        5
 Simulacrum               Ice/Necr       0%         N/A       100%        6


Dungeon Overview and Level Annotations

Branches:
Dungeon (7/15)
 Temple: D:4-7

Altars:
Dithmenos
Makhleb
Wu Jian
Zin
The Shining One

Shops:
D:4 *


Innate Abilities, Weirdness & Mutations

You are a tree.
Your roots penetrate the ground, keeping you stationary.
You cannot be teleported.
You are immune to unholy pain and torment.
Your maximum health is greatly increased.
Your equipment is partially melded.
You are too large for most types of armour.
((You have tough skin. (AC +1)))


Message History

The orc warrior hits you but does no damage.
The wight hits you but does no damage.
You hit the wight.
The wight is severely damaged.
The orc warrior hits you but does no damage.
The wight hits you but does no damage.
You barely miss the wight.
The wight is severely damaged.
The orc warrior hits you but does no damage.
The wight hits you but does no damage.
You closely miss the wight.
The wight is severely damaged.
The orc warrior hits you but does no damage.
The wight hits you but does no damage.
You hit the wight.
You destroy the wight!
Makhleb accepts your kill.
You feel better.
The orc warrior hits you from afar with a +4 glaive!
* * * LOW HITPOINT WARNING * * *
You bludgeon the orc priest!!
You kill the orc priest!
Makhleb accepts your kill.
You feel better.
The orc warrior hits you but does no damage. x2
Okay, then.
You feel better.
Your transformation is almost over.
The orc warrior hits you but does no damage.
Aiming: Minor Destruction (1% risk of failure)
Press: ? - help, Shift-Dir - straight line, f - orc warrior
Aim: an orc warrior, wielding a +4 glaive and wearing a +0 plate armour The orc warrior writhes in agony.
The orc warrior hits you but does no damage.
Aiming: Minor Destruction (1% risk of failure)
Press: ? - help, Shift-Dir - straight line, f/p - orc warrior
Aim: an orc warrior, wielding a +4 glaive and wearing a +0 plate armour (lightly wounded)
The stone arrow misses the orc warrior.
The orc warrior hits you from afar with a +4 glaive!
You die...

......#)..#########.#
#.....#. .....##...# #.#
######## .....##)..# #.#
#######)..# #.# ######
#.....#...# ####.######
#..... #.........#
#.........# #..#.#
#.........#
####.#..##.#.###.###.
#......####
#)[.....##.#.##.## ##
#......# #.##♣#.........##
# #.#....#
####.##)#.###.#.##.## ##
#......#
#.....o.#.###.#.###.###.
.......###)##.##........(#
##.#.#
#........).##.##.#.#######
##.##
#.#.....#.###...[>.### ###
#....#.#.## #........#
#.##.#.#.####.#.>##..#
#..........##)#.)##..#


You could see an orc warrior.

Vanquished Creatures
  A water moccasin (D:5)
  An orc warrior (D:6)
  2 ice beasts
  An ogre (D:5)
  A phantom (D:4)
  A bullfrog (D:6)
  2 kobold brigands (D:6)
  A necrophage (D:4)
  A gnoll sergeant (D:6)
  3 scorpions (D:6)
  7 wights
  A howler monkey (D:5)
  3 hounds
  A jelly (D:6)
  3 orc priests (D:6)
  An iguana (D:5)
  An orc wizard (D:6)
  Natasha (thrice) (D:4)
  5 gnolls (D:6)
  14 adders
  A white imp (D:6)
  2 ufetubi (D:5)
  A dart slug (D:1)
  18 orcs
  4 bats
  7 endoplasms
  6 giant cockroaches
  8 goblins
  5 hobgoblins
  6 jackals
  17 kobolds
  4 quokkas
  9 ball pythons
  2 frilled lizards (D:2)
  7 rats
150 creatures vanquished.

Notes
Turn   | Place    | Note
-------+----------+-------------------------------------------
     0 | D:1      | AndrolTheGreedy the Ogre Monk began the quest for the Orb.
     0 | D:1      | Reached XP level 1. HP: 24/24 MP: 1/1
   201 | D:1      | Reached XP level 2. HP: 32/32 MP: 2/2
   505 | D:1      | Reached XP level 3. HP: 29/39 MP: 3/3
  1567 | D:3      | Reached XP level 4. HP: 48/48 MP: 4/4
  1590 | D:3      | Found a large runed translucent door.
  1591 | D:3      | Found a large runed translucent door.
  1602 | D:3      | Found an ornate altar of the Wu Jian Council.
  1616 | D:3      | Found a shadowy altar of Dithmenos.
  1786 | D:3      | Learned a level 1 spell: Beastly Appendage
  1789 | D:3      | Learned a level 2 spell: Wereblood
  2548 | D:4      | Noticed a necrophage
  2622 | D:4      | Reached skill level 5 in Maces & Flails
  2633 | D:4      | Reached XP level 5. HP: 48/54 MP: 5/5
  2650 | D:4      | Noticed an ice beast
  2663 | D:4      | Noticed Natasha
  2673 | D:4      | Killed Natasha
  2908 | D:4      | Reached XP level 6. HP: 59/62 MP: 6/6
  2933 | D:4      | Noticed Natasha
  2937 | D:4      | Killed Natasha
  3021 | D:4      | Found Lizoer's General Store.
  3030 | D:4      | Bought 6 stones for 7 gold pieces
  3030 | D:4      | Bought 4 stones for 4 gold pieces
  3030 | D:4      | Bought a scroll of silence for 114 gold pieces
  3176 | D:4      | Noticed Natasha
  3186 | D:4      | Killed Natasha
  3295 | D:4      | Killed an ice beast
  3296 | D:4      | Reached XP level 7. HP: 54/70 MP: 7/7
  3476 | D:5      | Entered Level 5 of the Dungeon
  3735 | D:5      | Found a burning altar of Makhleb.
  3739 | D:5      | Found a glowing golden altar of the Shining One.
  3747 | D:5      | Became a worshipper of Makhleb the Destroyer
  3747 | D:5      | Reached * piety under Makhleb
  3747 | D:5      | Reached ** piety under Makhleb
  3988 | D:5      | Reached skill level 1 in Invocations
  4675 | D:5      | Reached XP level 8. HP: 63/78 MP: 8/10
  5168 | D:6      | Found Zin's Purification Station.
  5169 | D:6      | Found a glowing silver altar of Zin.
  5175 | D:6      | Bought a potion of curing for 90 gold pieces
  5228 | D:6      | Reached skill level 5 in Invocations
  5441 | D:5      | Reached skill level 5 in Fighting
  6255 | D:6      | Reached XP level 9. HP: 93/96 MP: 12/12
  6738 | D:6      | HP: 5/124 [orc warrior/+4 glaive (16)]
  6742 | D:6      | Slain by an orc warrior

Illustrated notes

Levels and vault maps discovered:
D:1:      matt_arrival_refuge, layout_rooms
D:2:      minmay_general_purpose_star, layout_basic
D:3:      layout_loops_ring, jmf_multi_god_temple2
D:4:      layout_loops_cross, serial_shops, shop, saegor_snake_ambush,
          uniq_natasha
D:5:      layout_gridville, mainiacjoe_overflow_big_doors,
          minmay_tree_intersection
D:6:      wander_river, layout_loops_cross, zin_purify,
          hangedman_decor_slide_cut
D:7:      layout_rooms, nicolae_ru_the_path_less_chosen,
          minmay_temple_entry_hall, serial_shops, shop, uniq_maggie,
          uniq_crazy_yiuf_cottage

Skill      XL: |  1  2  3  4  5  6  7  8  9 |
---------------+----------------------------+-----
Maces & Flails | 3 4 5 7 8 |  8.7
Invocations    | 3 5 |  5.0
Fighting       | 8 |  8.0
Dodging        | 3 4 |  4.0
Stealth        | |  1.4

Action                     |  1- 3 |  4- 6 |  7- 9 || total
---------------------------+-------+-------+-------++-------
  Melee: Mace              |    99 |       |       ||    99
         Punch             |     1 |     1 |     2 ||     4
         Morningstar       |    18 |    94 |   228 ||   340
  Throw: Stone             |     4 |       |       ||     4
         Boomerang         |       |    12 |    12 ||    24
 Invoke: Minor Destruction |       |       |     7 ||     7
  Evoke: Wand              |       |       |     1 ||     1
    Use: Potion            |     1 |       |     7 ||     8
         Scroll            |     1 |     1 |     8 ||    10
   Stab: Sleeping          |     3 |    10 |     3 ||    16
 Armour: Robe              |    42 |    11 |    32 ||    85
         Skin              |       |       |    20 ||    20
  Dodge: Dodged            |    83 |    37 |   151 ||   271

Table legend: (Time is in decaauts)
 A = Elapsed time spent in this place.
 B = Non-inter-level travel time spent in this place.
 C = Inter-level travel time spent in this place.
 D = Time resting spent in this place.
 E = Time spent auto-exploring this place.
 F = Levels seen in this place.
 G = Mean time per level.
                   A        B        C        D        E       F      G
               +--------+--------+--------+--------+--------+-----+--------+
         Total |   6836 |   6590 |    246 |   1200 |   3635 |   7 |  976.6 |
       Dungeon |   6836 |   6590 |    246 |   1200 |   3635 |   7 |  976.6 |
               +--------+--------+--------+--------+--------+-----+--------+

Top non-repeatable levels by time:
     D:6: 1722 daAuts
     D:5: 1402 daAuts
     D:4: 1198 daAuts
     D:3: 929 daAuts
     D:2: 870 daAuts
     D:1: 702 daAuts
     D:7: 11 daAuts
